Map: Hecate LE

Players

SubN

  • Race: Zerg Zerg
  • League: Diamond
  • Spawn Location: 1:00

SolaS - Winner!

  • Race: Terran Terran
  • League: Diamond
  • Spawn Location: 7:00

VOD

Have the link to the VOD?

Description

Time

  • Played on: Dec. 21, 2023, 8:12 p.m.
  • Length: 7:48
Show
View Real Time Build Order
Export as new Build Order

SubN Zerg 

Build Orders: Hatch First 

Get SALT Encoding   

  12  0:00  Drone  
  13  0:12  Overlord  
  13  0:18  Drone  
  14  0:30  Drone x2  
  14  0:34  Drone  
  17  0:52  Hatchery  
  17  0:56  Drone  
  17  0:58  Drone  
  17  1:03  Extractor  
  17  1:15  Spawning Pool  
  17  1:18  Drone  
  17  1:21  Drone  
  18  1:29  Drone  
  19  1:38  Drone  
  20  1:49  Overlord  
  20  2:02  Queen  
  20  2:04  Queen  
  24  2:08  Zergling x2  
  24  2:12  Drone x2, Metabolic Boost  
  27  2:17  Drone  
  28  2:24  Drone  
  29  2:32  Drone  
  29  2:33  Drone  
  29  2:36  Drone  
  32  2:49  Queen  
  32  2:50  Drone x2  
  36  2:55  Lair  
  36  3:01  Overlord  
  36  3:03  Overlord  
  35  3:29  Drone x2, Hatchery  
  35  3:30  Drone x4  
  40  3:34  Baneling Nest  
  39  3:48  Evolution Chamber  
  38  3:50  Evolution Chamber, Queen  
  38  3:52  Drone  
  38  3:53  Drone x3  
  43  3:56  Extractor  
  43  3:57  Pneumatized Carapace  
  42  4:03  Zergling x2  
  42  4:04  Zergling x4  
  42  4:09  Drone x4  
  49  4:14  Zerg Melee Weapons Level 1  
  49  4:30  Queen  
  51  4:41  Spore Crawler x2  
  51  4:42  Queen  
  51  4:46  Zergling x12  
  51  4:47  Zergling x2  
  47  5:14  Zergling x2  
  47  5:15  Zergling x14  
  47  5:18  Zerg Ground Armor Level 1, Queen  
  56  5:25  Drone  
  56  5:28  Overlord  
  57  5:37  Overlord  
  57  5:38  Overlord  
  57  5:45  Queen  
  53  6:08  Spore Crawler  
  53  6:09  Drone x12  
  63  6:16  Queen  
  65  6:19  Baneling  
  65  6:20  Baneling x4  
  65  6:21  Baneling  
  65  6:30  Drone x4  
  69  6:39  Spore Crawler  
  68  6:40  Spore Crawler  
  67  6:51  Zergling x2  
  67  6:52  Zergling x10  
  64  7:17  Drone x4  
  64  7:18  Drone x4  
  64  7:21  Drone  
  73  7:25  Extractor  
  73  7:28  Hydralisk Den  
Show
View Real Time Build Order
Export as new Build Order

SolaS Terran - Winner!

Build Orders: Liberator Opening, Reaper Expand 

Get SALT Encoding   

  12  0:00  SCV  
  13  0:12  SCV  
  14  0:16  Supply Depot  
  14  0:24  SCV  
  15  0:38  SCV  
  15  0:40  Barracks  
  16  0:44  Refinery  
  16  0:50  SCV  
  17  1:02  SCV  
  18  1:14  SCV  
  19  1:27  Orbital Command  
  19  1:28  Reaper  
  20  1:43  Command Center  
  20  1:52  SCV  
  21  2:00  Marine  
  22  2:02  Supply Depot  
  22  2:11  Factory  
  22  2:12  SCV  
  23  2:18  Refinery  
  23  2:21  Barracks Reactor  
  23  2:26  SCV  
  24  2:38  SCV  
  25  2:50  SCV  
  26  2:58  Starport  
  26  3:07  Barracks Tech Lab  
  28  3:20  Hellion, Orbital Command  
  28  3:23  Hellion  
  30  3:29  Marine  
  30  3:31  SCV  
  32  3:34  Liberator  
  37  3:41  Hellion  
  37  3:43  SCV  
  37  3:44  Hellion  
  40  3:50  SCV  
  40  3:54  Marine  
  43  3:55  SCV  
  43  3:56  Supply Depot  
  45  4:03  Hellion, SCV  
  46  4:14  Supply Depot  
  46  4:18  Hellion, SCV x2  
  50  4:30  SCV x2  
  52  4:33  Command Center  
  52  4:34  Marine  
  52  4:35  Supply Depot  
  52  4:36  Starport Reactor  
  53  4:42  SCV  
  54  4:55  SCV  
  54  4:56  SCV  
  56  5:06  Stimpack  
  56  5:07  Marine  
  56  5:08  SCV  
  56  5:11  Barracks  
  56  5:16  Barracks  
  56  5:17  SCV  
  56  5:20  SCV  
  58  5:24  Marine  
  58  5:25  Supply Depot  
  58  5:27  Supply Depot  
  59  5:29  SCV  
  59  5:32  SCV  
  59  5:33  Engineering Bay  
  61  5:41  SCV  
  61  5:42  Marine  
  62  5:44  SCV  
  62  5:46  Refinery  
  62  5:47  Orbital Command  
  62  5:49  Refinery, Starport Reactor, Factory Tech Lab  
  64  5:54  SCV  
  65  5:59  SCV  
  66  6:05  Marine  
  64  6:14  Widow Mine  
  64  6:16  Marine x4  
  70  6:23  Marine  
  70  6:25  Engineering Bay  
  71  6:27  Orbital Command  
  71  6:28  Armory  
  71  6:29  Medivac  
  71  6:30  Medivac  
  75  6:33  Marine, SCV  
  75  6:34  Marine x2  
  75  6:35  SCV, Siege Tank  
  75  6:39  Supply Depot  
  83  6:43  Marine x2  
  85  6:51  Marine  
  85  6:52  Barracks  
  86  7:00  Barracks  
  86  7:02  Marine x3  
  87  7:14  Marine x2  
  88  7:17  SCV  
  88  7:18  SCV  
  88  7:20  Marine  
  88  7:21  Marine  
  93  7:35  Barracks Reactor  
  93  7:36  Supply Depot  
Tags
 
Add a new tag
Caveats
  • Supply blocks, unpowered buildings, or Contaminate may cause inaccurate times.
  • Supply counts are checked every 10 seconds.